Map: Efflorescence LE

Players

Croakie

  • Race: Zerg Zerg
  • Spawn Location: 6:00

RedMagic

  • Race: Zerg Zerg
  • Spawn Location: 9:00

OpuS - Winner!

  • Race: Protoss Protoss
  • League: Platinum
  • Spawn Location: 12:00

Sketchaphone - Winner!

  • Race: Zerg Zerg
  • League: Platinum
  • Spawn Location: 3:00

VOD

Have the link to the VOD?

Description

Time

  • Played on: Feb. 6, 2019, 9:14 p.m.
  • Length: 13:11
Show
View Real Time Build Order
Export as new Build Order

Croakie Zerg 

Build Orders: Pool First 

Get SALT Encoding   

  12  0:01  Drone  
  13  0:13  Overlord  
  13  0:19  Drone  
  14  0:33  Drone x2  
  16  0:38  Drone  
  17  0:49  Drone  
  18  0:59  Spawning Pool, Drone  
  18  1:02  Extractor  
  17  1:16  Drone  
  18  1:19  Overlord  
  18  1:33  Hatchery  
  18  1:34  Drone  
  18  1:42  Drone  
  19  1:50  Drone  
  20  2:01  Drone  
  21  2:11  Drone  
  21  2:15  Queen  
  24  2:17  Metabolic Boost  
  24  2:23  Zergling x2  
  25  2:35  Zergling x2  
  26  2:38  Baneling Nest  
  26  2:40  Extractor  
  25  2:44  Zergling x2  
  25  2:47  Zergling x2  
  25  2:51  Queen x2  
  26  2:58  Drone  
  31  3:02  Drone  
  32  3:12  Drone x2  
  34  3:25  Drone  
  34  3:26  Zergling x2  
  36  3:27  Overlord  
  36  3:35  Overlord  
  36  3:36  Overlord  
  35  3:44  Queen  
  35  3:58  Zergling x8  
  35  4:00  Zergling x4  
  41  4:04  Drone x2  
  41  4:06  Drone  
  44  4:14  Drone x2  
  45  4:22  Zergling x4  
  45  4:23  Baneling x2  
  46  4:24  Baneling  
  46  4:25  Baneling  
  46  4:35  Zergling x4  
  48  4:42  Evolution Chamber, Zergling x8  
  48  4:43  Evolution Chamber  
  50  4:54  Drone  
  46  5:19  Baneling x2  
  45  5:25  Drone  
  45  5:29  Zergling x2  
  45  5:30  Zergling x4  
  45  5:37  Zergling x6  
  45  5:41  Drone  
  45  5:57  Zergling x4  
  45  6:09  Zerg Melee Weapons Level 1  
  45  6:10  Zerg Ground Armor Level 1  
  45  6:12  Lair  
  45  6:13  Drone  
  33  6:33  Drone  
  33  6:34  Drone x5  
  33  6:39  Baneling x2  
  39  6:40  Baneling x3  
  39  6:48  Drone x4  
  40  7:26  Queen  
  36  7:32  Spore Crawler, Drone x5  
  36  7:33  Spore Crawler, Drone  
  40  7:39  Overseer  
  40  7:42  Spine Crawler  
  40  7:44  Spine Crawler, Zergling x4  
  40  7:59  Spawning Pool  
  40  8:03  Extractor  
  40  8:05  Baneling x3  
  35  8:06  Baneling  
  31  8:32  Drone  
  29  9:06  Lair  
  29  9:15  Drone  
  29  9:16  Drone  
  31  9:18  Drone  
  31  9:23  Hatchery  
  31  9:27  Extractor  
  30  9:37  Zergling x2  
  31  9:51  Zergling x4  
  31  9:52  Spine Crawler  
  32  9:58  Baneling Nest  
  32  9:59  Baneling x2  
  31  10:09  Hydralisk Den, Zergling x2  
  31  10:13  Baneling x2  
  31  10:17  Drone  
  27  10:44  Zergling x2  
  27  10:45  Zergling x4  
  30  10:53  Drone x2  
  30  10:54  Drone  
  33  11:17  Zergling x4  
  30  11:20  Spine Crawler  
  30  11:25  Zergling x6  
  29  11:30  Evolution Chamber  
  28  11:33  Evolution Chamber, Zergling x2  
  28  11:34  Pneumatized Carapace  
  28  11:37  Baneling x4  
  28  11:41  Zergling x2  
  26  12:05  Drone  
  26  12:06  Drone  
  28  12:12  Drone  
  27  12:24  Hatchery  
  26  12:42  Zergling x4  
  27  12:46  Hydralisk  
Show
View Real Time Build Order
Export as new Build Order

RedMagic Zerg 

Build Orders: Pool First 

Get SALT Encoding   

  12  0:03  Drone  
  13  0:18  Drone  
  13  0:20  Overlord  
  14  0:39  Drone x2  
  14  0:40  Drone  
  17  0:51  Drone  
  18  0:57  Spawning Pool  
  18  0:59  Extractor  
  18  1:01  Extractor  
  15  1:10  Drone  
  16  1:15  Drone  
  18  1:32  Drone  
  18  1:42  Drone  
  18  1:45  Drone  
  18  1:46  Hatchery  
  19  1:53  Metabolic Boost  
  19  1:59  Overlord  
  19  2:19  Queen  
  21  2:23  Drone x2  
  23  2:30  Zergling x2  
  24  2:37  Zergling x2  
  25  2:48  Zergling x2  
  26  3:03  Lair  
  26  3:04  Zergling x4  
  28  3:10  Zergling x4  
  30  3:15  Queen  
  32  3:20  Zergling x2  
  32  3:24  Zergling x2  
  34  3:28  Zergling x4  
  34  3:31  Overlord  
  36  3:34  Overlord  
  34  3:51  Zergling x6  
  35  3:56  Zergling x4  
  36  4:03  Zergling x2  
  36  4:05  Zergling x2  
  39  4:17  Zergling x2  
  39  4:18  Zergling x2  
  40  4:25  Zergling x2  
  40  4:26  Hatchery  
  40  4:28  Zergling x2  
  39  4:41  Zergling x4  
  41  4:49  Spine Crawler x2  
  41  4:51  Zergling x4  
  41  4:52  Spine Crawler x2  
  39  4:54  Zergling x4  
  39  4:56  Zergling x4  
  39  4:57  Zergling x4  
  33  5:07  Zergling x4  
  33  5:09  Zergling x2  
  33  5:12  Zergling x2  
  31  5:21  Zergling x2  
  31  5:22  Zergling x4  
  33  5:36  Zergling x2  
  33  5:39  Zergling x2  
  33  5:40  Zergling x2  
  34  5:44  Zergling x6  
  34  5:45  Zergling x2  
  38  5:51  Zergling x4  
  38  5:54  Zergling x2  
  41  5:58  Zergling x2  
  41  5:59  Drone  
  41  6:05  Drone x2  
  41  6:10  Zergling x2  
  42  6:20  Zergling x2  
  42  6:24  Zergling x4  
  41  6:27  Drone x3  
  41  6:29  Drone  
  45  6:36  Drone x2  
  45  6:39  Drone  
  48  6:43  Drone  
  39  6:54  Drone  
  39  6:55  Drone x2  
  39  6:58  Drone  
  39  6:59  Drone  
  39  7:00  Drone  
  44  7:09  Zergling x4  
  44  7:12  Zergling x2  
  47  7:18  Zergling x2  
  47  7:19  Zergling x2  
  49  7:25  Queen x2  
  53  7:30  Queen  
  53  7:32  Drone  
  54  8:01  Drone  
  54  8:02  Drone x5  
  54  8:03  Overlord x3  
  58  8:11  Extractor  
  58  8:12  Overlord  
  55  8:13  Extractor  
  54  8:20  Spore Crawler  
  54  8:21  Spore Crawler  
  50  8:37  Zergling x2  
  50  8:40  Zergling x2  
  50  9:02  Queen x3  
  56  9:18  Drone x2  
  56  9:19  Drone  
  56  9:23  Drone x6  
  56  9:24  Drone x4  
  69  9:35  Drone  
  69  9:36  Drone x2  
  69  9:37  Queen x2  
  76  9:39  Spire  
  73  10:07  Drone x2  
  74  10:15  Overlord  
  69  10:25  Zergling x18  
  66  10:51  Corruptor x6  
  66  10:52  Corruptor x2  
  71  11:42  Drone x5  
  66  12:01  Spawning Pool  
  57  12:13  Spawning Pool  
Show
View Real Time Build Order
Export as new Build Order

OpuS Protoss - Winner!

Build Orders:  

Get SALT Encoding   

  12  0:01  Probe  
  13  0:13  Probe  
  14  0:23  Pylon  
  14  0:26  Probe  
  15  0:43  Gateway  
  15  0:45  Probe  
  16  0:53  Probe  
  16  0:59  Assimilator  
  16  1:02  Probe, Gateway  
  17  1:10  Probe  
  19  1:40  Cybernetics Core  
  19  1:42  Probe  
  19  1:46  Zealot  
  22  1:48  Pylon  
  22  1:51  Gateway  
  22  1:54  Probe  
  23  1:58  Pylon  
  23  2:06  Probe, Warp Gate  
  24  2:25  Twilight Council  
  24  2:33  Zealot x2  
  28  2:38  Zealot  
  28  2:42  Probe  
  31  2:47  Assimilator  
  31  2:51  Charge  
  31  2:55  Probe  
  32  3:11  Zealot x2  
  36  3:13  Zealot  
  38  3:21  Pylon  
  38  3:42  Stargate  
  38  3:44  Probe  
  39  3:55  Zealot  
  41  3:56  Probe  
  41  3:57  Zealot x2  
  46  4:22  Pylon  
  46  4:24  Pylon x2  
  46  4:33  Void Ray  
  46  4:39  Pylon  
  38  5:14  Nexus  
  38  5:20  Zealot  
  38  5:21  Zealot x2  
  34  5:37  Pylon  
  32  5:48  Void Ray  
  35  6:01  Zealot  
  35  6:03  Probe  
  32  6:13  Zealot  
  34  6:26  Zealot  
  34  6:30  Probe  
  37  6:36  Probe  
  38  6:42  Probe  
  39  6:48  Probe  
  39  6:49  Zealot  
  42  7:03  Void Ray  
  47  7:08  Probe  
  47  7:10  Probe  
  48  7:31  Probe x2  
  48  7:36  Templar Archives  
  50  7:43  Probe x2  
  52  7:55  Probe x2  
  54  8:04  Zealot x3  
  56  8:06  Void Ray  
  56  8:08  Probe  
  56  8:09  Probe  
  62  8:21  Probe  
  62  8:22  Probe  
  64  8:28  Pylon  
  64  8:33  Gateway  
  64  8:34  Probe x2  
  60  9:03  Void Ray  
  60  9:06  Probe x2  
  60  9:08  Assimilator  
  66  9:12  Assimilator  
  66  9:18  Probe  
  67  9:28  Zealot x3  
  67  9:29  Zealot  
  75  9:39  Stargate  
  75  9:46  Void Ray  
  79  9:57  Nexus  
  79  9:59  Pylon  
  79  10:17  Gateway  
  79  10:21  Gateway  
  79  10:22  Gateway  
  79  10:24  Gateway  
  71  10:29  Void Ray  
  71  10:35  Void Ray  
  71  10:47  High Templar x3  
  71  10:48  High Templar  
  75  10:54  Probe x2  
  73  11:12  Void Ray  
  73  11:17  Void Ray  
  81  11:26  Probe  
  81  11:27  Probe x2, Gateway  
  81  11:32  High Templar x3  
  88  11:33  High Templar x2  
  88  11:37  Assimilator  
  88  11:38  Archon x2, Probe  
  88  11:39  Archon x2, Probe x2  
  89  11:41  Assimilator  
  89  11:46  Zealot  
  87  11:47  Zealot x2  
  87  11:50  Probe  
  87  11:51  Probe x2  
  90  12:03  Probe  
  90  12:06  High Templar, Probe  
  90  12:07  Probe  
  95  12:09  Zealot  
  95  12:10  Zealot  
  95  12:12  Archon  
  95  12:14  High Templar  
  95  12:15  High Templar, Probe  
  104  12:16  Zealot  
  104  12:17  Zealot  
  104  12:18  Probe  
  104  12:19  Zealot, Probe  
  104  12:22  Archon  
  112  12:29  Probe  
  113  12:31  Probe x2  
  115  12:54  Gateway  
  115  12:58  Gateway  
  115  13:03  Gateway  
  115  13:09  Gateway  
Show
View Real Time Build Order
Export as new Build Order

Sketchaphone Zerg - Winner!

Build Orders: Pool First 

Get SALT Encoding   

  12  0:01  Drone  
  13  0:13  Overlord  
  13  0:19  Drone  
  14  0:41  Spawning Pool  
  14  0:42  Drone  
  14  0:44  Drone  
  15  0:50  Drone  
  15  0:54  Drone  
  17  1:10  Drone  
  18  1:17  Drone  
  19  1:27  Hatchery  
  18  1:43  Drone x2  
  18  1:44  Extractor  
  18  1:45  Queen  
  21  1:49  Drone  
  22  1:57  Overlord  
  22  2:15  Drone  
  23  2:22  Drone  
  24  2:32  Drone  
  25  2:40  Zergling x2  
  25  2:42  Hatchery  
  25  2:44  Queen  
  25  2:48  Overlord  
  25  2:49  Drone  
  28  2:57  Metabolic Boost  
  28  3:04  Evolution Chamber  
  27  3:07  Zergling x4  
  29  3:23  Zergling x4  
  29  3:24  Zergling x4  
  33  3:31  Spine Crawler  
  33  3:33  Evolution Chamber  
  30  3:44  Zergling x4  
  30  3:45  Zergling x4  
  33  3:48  Zergling x2  
  33  4:00  Zerg Melee Weapons Level 1  
  33  4:11  Drone x6  
  38  4:24  Drone x3  
  38  4:31  Drone x2  
  40  4:39  Zergling x8  
  40  4:43  Drone  
  45  4:49  Zergling x6  
  47  4:54  Zergling x4  
  47  4:57  Overlord  
  46  5:13  Zerg Ground Armor Level 1  
  45  5:18  Zergling x16  
  44  5:46  Zergling x4  
  44  5:47  Zergling x24  
  58  5:53  Baneling Nest  
  56  6:07  Zergling x4  
  56  6:23  Zergling x12  
  56  6:24  Zergling x6  
  52  6:26  Lair  
  52  6:27  Drone  
  52  6:31  Zergling x2  
  53  6:36  Zergling x2  
  54  6:42  Baneling x3  
  54  6:48  Zergling x8  
  54  6:51  Zergling x2  
  52  6:58  Zergling x12  
  52  7:00  Overlord  
  58  7:05  Overlord  
  56  7:19  Overlord x2  
  55  7:23  Zergling x6  
  55  7:24  Zergling x8  
  61  7:46  Zergling x6  
  61  7:49  Zergling x8  
  65  7:55  Zergling x4  
  63  8:00  Zergling x6  
  66  8:15  Drone  
  66  8:16  Drone x5  
  62  8:36  Hatchery  
  62  8:41  Zerg Melee Weapons Level 2  
  52  8:47  Queen  
  54  8:48  Hatchery  
  53  9:04  Drone  
  53  9:05  Overlord, Drone x2  
  53  9:08  Overlord  
  53  9:09  Overlord  
  56  9:13  Zergling x6  
  59  9:19  Extractor x2  
  59  9:22  Roach Warren, Centrifical Hooks  
  59  9:23  Queen  
  58  9:26  Extractor  
  58  9:27  Pneumatized Carapace  
  57  9:37  Overlord  
  57  9:50  Zergling x22  
  68  9:57  Zergling x6  
  68  9:58  Queen  
  68  9:59  Drone  
  74  10:06  Baneling x5  
  74  10:09  Zergling x8  
  77  10:32  Zergling x24  
  79  10:46  Zergling x14  
  79  10:49  Baneling x4  
  83  10:53  Zergling x4  
  81  11:07  Baneling  
  81  11:08  Baneling x4  
  80  11:13  Zergling x10  
  78  11:32  Zergling x22  
  87  11:35  Zergling x4  
  74  12:09  Zergling x32  
  86  12:18  Zergling x4  
  88  12:24  Zergling x8  
  88  12:29  Drone  
  93  12:32  Queen  
  87  12:52  Zergling x14  
Tags
 
Add a new tag
Caveats
  • Supply blocks, unpowered buildings, or Contaminate may cause inaccurate times.
  • Supply counts are checked every 10 seconds.